 Dungeon Crawl Stone Soup version 0.29.1-15-g9cfb28693d (webtiles) character file.

Game seed: 4341670190174093337

2506 javelincjr the Conjurer (level 9, 0/61 HPs)
             Began as an Octopode Conjurer on Apr 2, 2023.
             Was a Believer of Vehumet.
             Slain by a polar bear (28 damage)
             ... on level 7 of the Dungeon on Apr 3, 2023.
             The game lasted 00:40:09 (9684 turns).

javelincjr the Conjurer (Octopode Conjurer)         Turns: 9684, Time: 00:40:09

Health: 0/61       AC:  1    Str: 10    XL:     9   Next: 53%
Magic:  9/26       EV: 22    Int: 20    God:    Vehumet [**....]
Gold:   271        SH:  0    Dex: 11    Spells: 12/18 levels left

rFire   x x .      SeeInvis .   o - +2 hand axe (vamp)
rCold   + + +      Faith    +   (no shield)
rNeg    . . .      Spirit   .   (helmet restricted)
rPois   .          Reflect  .   q - amulet of faith
rElec   .          Harm     .   t - ring of magical power
rCorr   .          Rampage  .   u - +4 ring of evasion
Will    .....                   w - ring of ice
Stlth   ++++......              i - ring of protection from cold
HPRegen 0.20/turn               I - +4 ring of evasion
MPRegen 0.20/turn               H - ring of ice
                                (no ring)
                                (no ring)

@: no status effects
A: almost no armour, amphibious, 8 rings, camouflage 1, gelatinous body 1,
(nimble swimmer 1), tentacles
a: Renounce Religion


You were on level 7 of the Dungeon.
You worshipped Vehumet.
Vehumet was pleased with you.
You visited 2 branches of the dungeon, and saw 9 of its levels.

You collected 271 gold pieces.

Inventory:

Hand Weapons
 h - a +2 mace of holy wrath
 o - a +2 vampiric hand axe (weapon)
Missiles
 x - 3 atropa-tipped darts
 z - a curare-tipped dart
 A - 2 poisoned darts
Armour
 e - a +0 buckler
 r - a +0 kite shield
Magical Staves
 v - a staff of air
Jewellery
 i - a ring of protection from cold (on tentacle)
 q - an amulet of faith (around mantle)
 t - a ring of magical power (left tentacle)
 u - a +4 ring of evasion (right tentacle)
 w - a ring of ice (on tentacle)
 C - an amulet of reflection
 H - a ring of ice (on tentacle)
 I - a +4 ring of evasion (on tentacle)
Wands
 m - a wand of mindburst (4)
 y - a wand of polymorph (3)
 F - a wand of acid (6)
 G - a wand of flame (20)
Scrolls
 c - 2 scrolls of butterflies
 d - 4 scrolls of vulnerability
 f - 4 scrolls of teleportation
 g - 2 scrolls of brand weapon
 j - 2 scrolls of fear
 n - a scroll of amnesia
 D - a scroll of enchant armour {unknown}
 E - a scroll of silence {unknown}
Potions
 a - a potion of magic
 b - 3 potions of degeneration
 k - a potion of brilliance
 l - a potion of ambrosia
 p - 2 potions of heal wounds
 s - 3 potions of curing {unknown}
 B - a potion of haste {unknown}


   Skills:
 * Level 5.2 Fighting
 + Level 2.0(2.3) Axes
 - Level 1.7(2.2) Maces & Flails
 + Level 4.3 Dodging
 + Level 6.0 Stealth
 + Level 3.4 Shields
 - Level 2.1 Unarmed Combat
 * Level 5.3 Spellcasting
 * Level 6.8 Conjurations
 + Level 2.7 Air Magic


You had 12 spell levels left.
You knew the following spells:

 Your Spells              Type           Power      Damage    Failure   Level
a - Magic Dart            Conj           100%       1d8       1%          1
b - Searing Ray           Conj           64%        2d6       1%          2
c - Stone Arrow           Conj/Erth      36%        3d9       9%          3

Your spell library contained the following spells:

 Spells                   Type           Power      Damage    Failure   Level
 Poisonous Vapours        Pois/Air       20%        N/A       10%         2
 Dazzling Flash           Conj/Hex       36%        N/A       9%          3
 Apportation              Tloc           10%        N/A       11%         1
 Sandblast                Erth           10%        2d5       11%         1
 Swiftness                Air            16%        N/A       11%         3
 Ensorcelled Hibernation  Hex/Ice        24%        N/A       17%         2
 Passwall                 Tmut/Erth      4%         N/A       17%         2
 Fulminant Prism          Conj/Hex       9%         3d7       28%         4
 Iskenderun's Mystic Bla  Conj/Tloc      18%        2d6       28%         4
 Alistair's Intoxication  Tmut/Pois      3%         N/A       97%         5


Dungeon Overview and Level Annotations

Branches:
Dungeon (8/15)             Temple (1/1) D:4
   Lair: D:8-11

Altars:
Dithmenos
Fedhas
Gozag
Hepliaklqana
Kikubaaqudgha
Makhleb
Nemelex Xobeh
Okawaru
Qazlal
Ru
Sif Muna
Trog
Vehumet
Wu Jian
Xom
The Shining One

Shops:
D:5 =   D:6 ?[=(=   D:8 *


Innate Abilities, Weirdness & Mutations

You cannot wear most types of armour.
You are amphibious.
You can wear up to eight rings at the same time.
Your skin changes colour to match your surroundings (Stealth+).
Your rubbery body absorbs attacks. (AC +1, EV +1)
((You are camouflaged when in or above water. (Stealth+)))
You have tentacles for arms and can constrict up to eight enemies at once.


Message History

Confirm with . or Enter, or press ? or * to list all spells.
Aiming: Stone Arrow (dangerous; 9% risk of failure)
Press: ? - help, Shift-Dir - straight line, f/p - polar bear
Aim: a polar bear (lightly wounded, 77% to hit)
The stone arrow misses the polar bear.
The polar bear bites you! The polar bear barely misses you.
The polar bear misses you.
Casting: Stone Arrow (dangerous; 9% risk of failure)
Confirm with . or Enter, or press ? or * to list all spells.
Aiming: Stone Arrow (dangerous; 9% risk of failure)
Press: ? - help, Shift-Dir - straight line, f/p - polar bear
Aim: a polar bear (lightly wounded, 77% to hit)
The stone arrow hits the polar bear!
The polar bear is moderately wounded.
The polar bear bites you! The polar bear misses you. x2
Casting: Stone Arrow (dangerous; 9% risk of failure)
Confirm with . or Enter, or press ? or * to list all spells.
Aiming: Stone Arrow (dangerous; 9% risk of failure)
Press: ? - help, Shift-Dir - straight line, f/p - polar bear
Aim: a polar bear (moderately wounded, 77% to hit)
The stone arrow hits the polar bear!
The polar bear is heavily wounded.
The polar bear completely misses you. x2; The polar bear barely misses you.
Casting: Stone Arrow (dangerous; 9% risk of failure)
Confirm with . or Enter, or press ? or * to list all spells.
Aiming: Stone Arrow (dangerous; 9% risk of failure)
Press: ? - help, Shift-Dir - straight line, f/p - polar bear
Aim: a polar bear (heavily wounded, 77% to hit)
The stone arrow hits the polar bear!
The polar bear is severely wounded.
The polar bear goes berserk!
Casting: Stone Arrow (dangerous; 9% risk of failure)
Confirm with . or Enter, or press ? or * to list all spells.
Aiming: Stone Arrow (dangerous; 9% risk of failure)
Press: ? - help, Shift-Dir - straight line, f/p - polar bear
Aim: a polar bear (severely wounded, berserk, 77% to hit)
The stone arrow hits the polar bear!
The polar bear is almost dead.
The polar bear completely misses you. The polar bear barely misses you.
The polar bear misses you. The polar bear bites you!!
You die...

##########..# #...###...####.###
#........)..# #.................
#.########..# #...###...########
#.## #..# #...# ##.####### ...#
#..# ##..####.###...### #..# #..#
#................
#..#######..#####..####.###...###
#.>#............h..# #.# #####
#.#..###.#......@..####.#########
.###....#....#.#.#...............
#.#[.###.###.......####.#########
#..#.# #.# ##...........# #.##.#
#.# ###....######
#.##.###.#######.#.#
#.##.............#.##
#.######.#########..#### #.# #.#
##....#


You could see a polar bear (berserk).

Vanquished Creatures
  Sigmund (D:5)
  Edmund (D:5)
  2 water moccasins
  Duvessa (D:5)
  An orc warrior (D:7)
  A black bear (D:5)
  An ice beast (D:7)
  A sky beast (D:7)
  2 centaurs
  2 kobold brigands (D:6)
  A phantom (D:6)
  2 bullfrogs
  A necrophage (D:6)
  A gnoll sergeant (D:3)
  4 scorpions
  A hornet simulacrum (D:8)
  A wight (D:6)
  Dowan (D:5)
  A howler monkey (D:6)
  3 hounds
  An orc priest (D:7)
  2 iguanas
  2 orc wizards
  6 gnolls
  11 adders
  A shadow imp (D:7)
  A white imp (D:6)
  An ufetubus (D:6)
  A worm (D:3)
  3 dart slugs
  17 orcs
  4 endoplasms
  4 giant cockroaches
  2 hobgoblins
  3 jackals (D:5)
  A quokka (D:3)
  2 ball pythons
  4 bats
  2 frilled lizards (D:2)
  10 goblins
  A goblin skeleton (D:7)
  2 goblin zombies (D:7)
  2 hobgoblin zombies (D:7)
  9 kobolds
  2 kobold skeletons (D:7)
  An orc skeleton (D:7)
  An orc zombie (D:7)
  A rat (D:3)
126 creatures vanquished.

Notes
Turn   | Place    | Note
-------+----------+-------------------------------------------
     0 | D:1      | javelincjr the Octopode Conjurer began the quest for the
                  | Orb.
     0 | D:1      | Reached XP level 1. HP: 11/11 MP: 3/3
    58 | D:1      | You fall into a shaft and drop 1 floor!
   547 | D:2      | Reached XP level 2. HP: 17/17 MP: 5/5
  1358 | D:3      | Reached XP level 3. HP: 18/22 MP: 1/6
  1637 | D:3      | Learned a level 2 spell: Searing Ray
  1833 | D:3      | Reached skill level 1 in Fighting
  1978 | D:3      | Reached skill level 1 in Unarmed Combat
  2018 | D:3      | Noticed a gnoll sergeant
  2018 | D:3      | Found the +3 woodcutter's axe {vorpal}
  2263 | D:3      | Found an ancient bone altar of Kikubaaqudgha.
  2272 | D:3      | Reached XP level 4. HP: 24/28 MP: 2/7
  2538 | D:3      | Killed a gnoll sergeant
  2539 | D:3      | Reached skill level 1 in Shields
  2539 | D:3      | Reached XP level 5. HP: 24/33 MP: 0/8
  3326 | D:4      | Noticed a centaur
  3349 | D:4      | Killed a centaur
  3350 | D:4      | Reached XP level 6. HP: 19/39 MP: 10/10
  3354 | D:4      | HP: 2/58 [bullfrog (8)]
  3357 | D:4      | Reached skill level 5 in Conjurations
  3360 | D:4      | HP: 3/61 [poisoned by an adder]
  3660 | D:4      | Found a hazy altar of Hepliaklqana.
  3815 | D:4      | Reached XP level 7. HP: 25/45 MP: 12/12
  4540 | D:4      | Found a staircase to the Ecumenical Temple.
  4547 | Temple   | Entered the Ecumenical Temple
  4554 | Temple   | Became a worshipper of Vehumet
  4837 | D:5      | Entered Level 5 of the Dungeon
  4862 | D:5      | Noticed Duvessa
  4862 | D:5      | Noticed Dowan
  4907 | D:5      | Noticed Sigmund
  5583 | D:5      | Killed Sigmund
  5584 | D:5      | Reached skill level 1 in Maces & Flails
  5752 | D:5      | Found Diduck's Jewellery Emporium.
  5796 | D:5      | Noticed Edmund
  5810 | D:5      | Reached skill level 1 in Air Magic
  5810 | D:5      | Reached XP level 8. HP: 39/52 MP: 14/14
  6005 | D:5      | Killed Duvessa
  6032 | D:5      | Killed Dowan
  6282 | D:5      | Killed Edmund
  6283 | D:5      | Reached skill level 5 in Stealth
  6417 | D:5      | Found a stormy altar of Qazlal.
  6525 | D:5      | Reached * piety under Vehumet
  6525 | D:5      | Offered knowledge of Shock by Vehumet.
  6886 | D:6      | Found Fotay's Jewellery Shop.
  7048 | D:6      | Reached skill level 1 in Axes
  7056 | D:6      | Found an ornate altar of the Wu Jian Council.
  7072 | D:6      | Reached XP level 9. HP: 24/59 MP: 16/16
  7342 | D:6      | Found Ese Zep's Jewellery Emporium.
  7424 | D:6      | Found Rubb's Antique Armour Shop.
  7715 | D:6      | Found Rezouhuq's Weapon Emporium.
  7826 | D:6      | Reached skill level 5 in Spellcasting
  8016 | D:6      | Found Jaosan's Magic Scroll Shoppe.
  8213 | D:7      | Offered knowledge of Poisonous Vapours by Vehumet.
  8263 | D:7      | Found a glowing golden altar of the Shining One.
  8268 | D:7      | Reached ** piety under Vehumet
  8433 | D:7      | Found an iron altar of Okawaru.
  8587 | D:7      | Reached skill level 5 in Fighting
  8755 | D:7      | Found an opulent altar of Gozag.
  8839 | D:7      | HP: 3/61 [something (5)]
  9457 | D:8      | Noticed a polar bear
  9457 | D:8      | Found Jiraalad's General Store.
  9544 | D:8      | Noticed a polar bear
  9598 | D:7      | Learned a level 3 spell: Stone Arrow
  9684 | D:7      | Slain by a polar bear

Illustrated notes

Levels and vault maps discovered:
D:1:      roderic_chinese_lattice_arrival, layout_basic,
          shapermc_ecumenical_altar_ellora
D:2:      kennysheep_the_goblin_king, layout_basic, minmay_between
D:3:      layout_loops_ring, mainiacjoe_overflow_paths,
          pf_guarded_unrand_woodcutter
D:4:      layout_loops_ring, mainiacjoe_overflow_surrounded_room,
          minmay_temple_entry_metal_lava, nicolae_zen_rock_garden,
          minmay_ruptured
D:5:      layout_cave_pools, lemuel_coloured_pillars_altar, serial_shops,
          nicolae_shop_window_shopping, kennysheep_another_room, uniq_duvessa,
          uniq_edmund, uniq_sigmund
D:6:      layout_loops_ring, serial_shops, nicolae_shop_bloodbath_and_beyond,
          nicolae_inconvenience_store, shop, shop, shop,
          hangedman_decor_diamond_cutter, minmay_ruined_shrine
D:7:      minmay_angry_zag, layout_loops_ring, okawaru_ov_weapons_minmay,
          nicolae_tso_besieged_by_evil, grunt_gozag_breadcrumbs
D:8:      layout_layer_cave, zin_angel, minitemple, serial_shops,
          nicolae_shop_competitors_out_of_business, serial_ice, serial_ice_e,
          serial_ice_i, serial_ice_d, serial_ice_m, serial_ice_n, serial_ice_o,
          serial_ice_f, serial_ice_a, st_stairs_10
Temple:   hellmonk_temple_micro_hex

Skill      XL: |  1  2  3  4  5  6  7  8  9 |
---------------+----------------------------+-----
Stealth        | 3 4 5 6 |  6.0
Fighting       | 1 2 3 4 5 |  5.2
Unarmed Combat | 1 2 |  2.1
Shields        | 1 2 3 |  3.4
Spellcasting   | 3 4 5 |  5.3
Conjurations   | 5 6 |  6.8
Dodging        | 3 4 |  4.3
Maces & Flails | 1 |  1.7
Air Magic      | 1 2 |  2.7
Axes           | 1 2 |  2.0

Action                   |  1- 3 |  4- 6 |  7- 9 || total
-------------------------+-------+-------+-------++-------
Melee: Unarmed           |    13 |       |       ||    13
       Constrict         |    10 |     5 |    14 ||    29
       Mace              |    22 |       |       ||    22
       Tentacles         |     9 |     5 |    21 ||    35
       Hand axe          |     4 |    19 |   107 ||   130
       Punch             |       |     1 |     3 ||     4
 Cast: Magic Dart        |    49 |    22 |   116 ||   187
       Searing Ray       |       |     8 |    31 ||    39
       Stone Arrow       |       |       |     6 ||     6
  Use: Potion            |       |     3 |     1 ||     4
       Scroll            |       |       |    10 ||    10
 Stab: Sleeping          |     6 |     1 |       ||     7
Armor: Skin              |     2 |       |     4 ||     6
Dodge: Dodged            |    23 |    12 |   119 ||   154
Block: Buckler           |     1 |       |       ||     1
       Kite shield       |       |     4 |    72 ||    76
